 Dungeon Crawl Stone Soup version 0.18.1-8-gdd0e5ea (webtiles) character file.

5768 mrath the Grappler (level 10, -11/93 HPs)
             Began as a Minotaur Monk on June 6, 2016.
             Was a Priest of Nemelex Xobeh.
             Mangled by a two-headed ogre
             ... wielding a +0 giant spiked club
              (18 damage)
             ... on level 9 of the Dungeon.
             The game lasted 00:41:36 (8718 turns).

mrath the Grappler (Minotaur Monk)                  Turns: 8718, Time: 00:41:38

Health: -11/93     AC:  7    Str: 18    XL:     10   Next: 49%
Magic:  11/11      EV: 17    Int:  7    God:    Nemelex Xobeh [***...]
Gold:   470        SH:  0    Dex: 14    Spells: 0 memorised, 9 levels left

rFire  . . .     SeeInvis .       - Unarmed
rCold  . . .     Gourm    .     s - +1 leather armour
rNeg   . . .     Faith    .     (no shield)
rPois  .         Spirit   .     (helmet restricted)
rElec  .         Dismiss  .     u - +0 cloak
rCorr  .         Reflect  .     (no gloves)
SustAt .         Harm     .     N - +0 pair of boots
MR     .....                    h - amulet of regeneration
Stlth  ++........               (no ring)
                                (no ring)

@: not resistant to hostile enchantments, unstealthy
A: retaliatory headbutt, horns 2
a: Triple Draw, Renounce Religion


You were on level 9 of the Dungeon.
You worshipped Nemelex Xobeh.
Nemelex Xobeh was most pleased with you.
You were not hungry.

You visited 2 branches of the dungeon, and saw 10 of its levels.
You also visited: Sewer.

You collected 470 gold pieces.

Inventory:

Hand Weapons
 w - a +0 blowgun
 A - a +3 quarterstaff of chaos
 K - a +0 mace of protection
Missiles
 i - 48 poisoned needles
 l - 4 javelins
 m - 173 stones
 n - 66 sling bullets
 q - 7 poisoned javelins (quivered)
Armour
 s - a +1 leather armour (worn)
 u - a +0 cloak (worn)
 N - a +0 pair of boots (worn)
 O - the +1 chain mail "Neymitz" {Str+3 Dex+4, unknown}
   (You found it on level 7 of the Dungeon)

   It affects your strength (+3).
   It affects your dexterity (+4).
Jewellery
 h - an amulet of regeneration (around neck)
Wands
 P - a wand of digging (14/24)
Scrolls
 c - a scroll of enchant armour
 e - 2 scrolls of identify
 f - 4 scrolls of enchant weapon
 t - 3 scrolls of teleportation
 y - a scroll of remove curse
 z - a scroll of amnesia {unknown}
 B - a scroll of magic mapping {unknown}
 H - 2 scrolls of recharging
Potions
 g - a potion of mutation {unknown}
 k - 7 potions of curing
 o - 4 potions of heal wounds
 p - 2 potions of magic
 r - a potion of beneficial mutation {unknown}
 v - a potion of cure mutation {unknown}
 x - 2 potions of flight
 C - a potion of degeneration {unknown}
 G - a potion of lignification {unknown}
 J - a potion of ambrosia {unknown}
 M - a potion of might {unknown}
Miscellaneous
 D - a plain deck of destruction {drawn: 1}
 E - a plain deck of destruction
 F - a plain deck of war
 L - a plain deck of destruction
 Q - a plain deck of destruction
Comestibles
 a - 12 royal jellies
 b - 7 bread rations
 d - 6 meat rations
 j - 5 fruits
 I - 6 chunks of flesh


   Skills:
 + Level 10.1 Fighting
 + Level 2.6 Throwing
 + Level 5.0 Armour
 + Level 9.6 Dodging
 - Level 1.5 Stealth
 + Level 10.3 Unarmed Combat
 + Level 3.6 Evocations


You had 9 spell levels left.
You didn't know any spells.

Dungeon Overview and Level Annotations

Branches:
Dungeon (9/15)             Temple (1/1) D:5
   Lair: D:8-11         Orc: D:9-12

Altars:
Ashenzari
Cheibriados
Dithmenos
Elyvilon
Fedhas
Gozag
Kikubaaqudgha
Makhleb
Nemelex Xobeh
Okawaru
Pakellas
Qazlal
Ru
Sif Muna
Trog
Vehumet
Xom
Yredelemnul
Zin
The Shining One


Innate Abilities, Weirdness & Mutations

You reflexively headbutt those who attack you in melee.
You have a pair of horns on your head.


Message History

* * * LOW HITPOINT WARNING * * *
You see here a bronze ring.
Read which item? (? for menu, Esc to quit)
Okay, then.
Evoke which item? (* to show all) (? for menu, Esc to quit)
You draw a card...
It is the Hammer.
You have drawn the Hammer.
Press: ? - help, Shift-Dir - straight line, f - basilisk
Aim: a basilisk (lightly wounded)
The stone arrow hits the basilisk.
The basilisk is moderately wounded.
The basilisk barely misses you.
You pummel the two-headed ogre!!
The two-headed ogre is heavily wounded.
The basilisk bites you!
* * * LOW HITPOINT WARNING * * *
The two-headed ogre closely misses you.
The two-headed ogre hits you with a giant club!!
You die...
Your body glows slightly and disappears.

##.#.## #.#... #. ...###.
#.. ........ #..#
...##### ....#### ...> #
#..(.?(## <.... .......(#
#. #l@# ##.###O.## #####
.....#....#####++####....
.)....#............##.###
##...#..[..........##.#
##$.##.#.###.###..##.#
#.. ##.###.#.##..##.# #!
..............##.#
##...............##.#


You could see a basilisk and a two-headed ogre.

Vanquished Creatures
  Psyche (D:8)
  The ghost of Krapule the Charmwright, a novice DgSk (D:7)
  Joseph (D:8)
  A two-headed ogre (D:8)
  Prince Ribbit (D:5)
  4 yaks
  Eustachio (D:4)
  An ice beast (D:8)
  2 sky beasts (D:8)
  A necrophage (D:8)
  A phantom (D:7)
  3 centaurs
  4 ogres
  A big kobold (Sewer)
  2 giant frogs
  9 scorpions
  A water moccasin skeleton (D:7)
  11 killer bees
  4 howler monkeys
  2 crimson imps
  5 jellies
  4 orc priests
  Crazy Yiuf (D:4)
  4 hounds
  3 giant frog skeletons
  2 iguanas
  Natasha (thrice) (D:4)
  8 worker ants
  9 orc wizards
  A hound skeleton (D:5)
  A worker ant zombie (D:8)
  10 adders
  4 gnolls (D:7)
  2 river rats (Sewer)
  7 oozes
  A dart slug (D:3)
  2 giant geckos (D:2)
  22 orcs
  3 giant cockroaches
  5 goblins
  7 hobgoblins
  11 jackals
  8 kobolds
  A quokka (D:1)
  5 bats
  A giant gecko skeleton (D:6)
  7 giant newts
  A quokka zombie (D:7)
  15 rats
  A fungus (D:4)
206 creatures vanquished.

Notes
Turn   | Place    | Note
--------------------------------------------------------------
     0 | D:1      | mrath the Minotaur Monk began the quest for the Orb.
     0 | D:1      | Reached XP level 1. HP: 19/19 MP: 0/0
   283 | D:1      | Reached XP level 2. HP: 26/26 MP: 1/1
   288 | D:1      | Reached skill level 5 in Unarmed Combat
   962 | D:2      | Reached XP level 3. HP: 21/33 MP: 2/2
  1318 | D:2      | Found a bloodstained altar of Trog.
  2079 | D:3      | Reached XP level 4. HP: 40/40 MP: 3/3
  2100 | D:2      | Found a blossoming altar of Fedhas.
  2140 | D:3      | Reached XP level 5. HP: 19/47 MP: 4/4
  2262 | D:3      | Reached skill level 5 in Fighting
  2543 | D:3      | Found a glowing drain.
  2561 | Sewer    | Entered a sewer
  2579 | Sewer    | Reached XP level 6. HP: 35/56 MP: 5/5
  2660 | Sewer    | Reached skill level 5 in Dodging
  2776 | Sewer    | Found a white marble altar of Elyvilon.
  3071 | D:4      | Found a blossoming altar of Fedhas.
  3281 | D:4      | Reached XP level 7. HP: 59/62 MP: 6/6
  3352 | D:4      | Noticed Eustachio
  3692 | D:4      | Killed Eustachio
  3723 | D:4      | Noticed Natasha
  3738 | D:4      | Killed Natasha
  3826 | D:4      | Noticed Natasha
  3834 | D:4      | Killed Natasha
  4034 | D:4      | Noticed Crazy Yiuf
  4041 | D:4      | Killed Crazy Yiuf
  4041 | D:4      | Reached XP level 8. HP: 57/71 MP: 7/7
  4125 | D:5      | Entered Level 5 of the Dungeon
  4148 | D:5      | Found a shadowy altar of Dithmenos.
  4248 | D:5      | Noticed Prince Ribbit
  4351 | D:5      | Killed Prince Ribbit
  4578 | D:4      | Noticed Natasha
  4583 | D:4      | Killed Natasha
  4960 | D:5      | Found a staircase to the Ecumenical Temple.
  4995 | Temple   | Entered the Ecumenical Temple
  5259 | D:5      | Reached XP level 9. HP: 77/82 MP: 8/8
  5686 | Temple   | Became a worshipper of Nemelex Xobeh the Trickster
  5686 | Temple   | Received a gift from Nemelex Xobeh
  5686 | Temple   | Received a gift from Nemelex Xobeh
  5686 | Temple   | Reached * piety under Nemelex Xobeh
  5686 | Temple   | Received a gift from Nemelex Xobeh
  5686 | Temple   | Reached ** piety under Nemelex Xobeh
  5965 | D:6      | Reached skill level 1 in Armour
  6290 | D:6      | Reached skill level 1 in Evocations
  6524 | D:6      | Found an oddly glowing altar of Pakellas.
  6526 | D:6      | Found an opulent altar of Gozag.
  6536 | D:6      | Received a gift from Nemelex Xobeh
  7043 | D:7      | Got a scorched chain mail
  7133 | D:7      | Found a basalt altar of Yredelemnul.
  7133 | D:7      | Found a sacrificial altar of Ru.
  7134 | D:7      | Found an iron altar of Okawaru.
  7214 | D:7      | Noticed Krapule's ghost (novice DgSk)
  7288 | D:7      | Killed Krapule's ghost
  7288 | D:7      | Reached skill level 10 in Unarmed Combat
  7339 | D:7      | Reached *** piety under Nemelex Xobeh
  7456 | D:7      | Reached skill level 1 in Throwing
  7456 | D:7      | Reached XP level 10. HP: 92/92 MP: 11/11
  7697 | D:8      | Noticed Psyche
  7704 | D:8      | Killed Psyche
  7985 | D:8      | Reached skill level 10 in Fighting
  8168 | D:8      | Noticed Joseph
  8190 | D:8      | Killed Joseph
  8310 | D:8      | Reached skill level 5 in Armour
  8688 | D:9      | Received a gift from Nemelex Xobeh
  8718 | D:9      | Mangled by a two-headed ogre

Skill      XL: |  1  2  3  4  5  6  7  8  9 10 |
---------------+-------------------------------+-----
Unarmed Combat | 5 6 7 9 10 | 10.3
Fighting       | 4 5 6 8 9 10 | 10.1
Dodging        | 4 5 6 8 9 |  9.6
Armour         | 3 5 |  5.0
Evocations     | 2 3 |  3.6
Throwing       | 1 2 |  2.6
Stealth        | |  1.5

Action                   |  1- 3 |  4- 6 |  7- 9 | 10-12 || total
-------------------------+-------+-------+-------+-------++-------
Melee: Unarmed           |    85 |   109 |   308 |   109 ||   611
       Headbutt          |    19 |    11 |    63 |    22 ||   115
       Punch             |     2 |     2 |    15 |     6 ||    25
Throw: Javelin           |     3 |     1 |    31 |    13 ||    48
       Stone             |       |       |     2 |       ||     2
Evoke: Deck              |       |       |       |     1 ||     1
  Use: Scroll            |     5 |       |     1 |     4 ||    10
 Stab: Sleeping          |     3 |       |     2 |       ||     5
       Distracted        |       |       |     1 |       ||     1
  Eat: Chunk             |     3 |     4 |    14 |     4 ||    25
Armor: Robe              |    10 |       |       |       ||    10
       Leather armour    |       |    21 |    59 |    27 ||   107
Dodge: Dodged            |    51 |    70 |   216 |   100 ||   437
